 Dungeon Crawl Stone Soup version 0.26-a0-665-gefeb406119 (webtiles) character file.

Game seed: 3604027336421290613

112 somkeydreadnuts the Firebug (level 4, -2/27 HPs)
             Began as an Octopode Fire Elementalist on Oct 15, 2020.
             Slain by Sigmund
             ... wielding a +0 scythe
              (10 damage)
             ... on level 2 of the Dungeon.
             The game lasted 00:11:00 (1921 turns).

somkeydreadnuts the Firebug (OpFE)                  Turns: 1921, Time: 00:11:01

Health: -2/27      AC:  1    Str:  7    XL:     4   Next: 93%
Magic:  1/8        EV: 14    Int: 18    God:
Gold:   103        SH:  0    Dex: 12    Spells: 4/8 levels left

rFire    . . .     SeeInvis .   g - +0 whip
rCold    . . .     Faith    .   (no shield)
rNeg     . . .     Spirit   .   (helmet restricted)
rPois    .         Reflect  .   (no amulet)
rElec    .         Harm     .   k - ring of resist corrosion
rCorr    +         Rampage  .   (no ring)
MR       .....                  (no ring)
Stlth    +++.......             (no ring)
HPRegen  0.09/turn              (no ring)
MPRegen  0.11/turn              (no ring)
                                (no ring)
                                (no ring)

@: no status effects
A: almost no armour, stealthy swim, amphibious, 8 rings, constrict 8, camouflage
1, gelatinous body 1
a: no special abilities


You were on level 2 of the Dungeon.
You visited 1 branch of the dungeon, and saw 2 of its levels.

You collected 103 gold pieces.

Inventory:

Hand Weapons
 g - a +0 whip (weapon)
Jewellery
 k - a ring of resist corrosion (left tentacle)
Scrolls
 b - 2 scrolls of remove curse {unknown}
 d - 3 scrolls of teleportation {unknown}
 e - 4 scrolls of identify {unknown}
 f - a scroll of noise {unknown}
 h - 3 scrolls of fog {unknown}
Potions
 a - a potion of might {unknown}
 c - a potion of stabbing {unknown}
 i - a potion of invisibility {unknown}
 j - a potion of berserk rage {unknown}
 l - a potion of curing {unknown}


   Skills:
 + Level 0.6 Maces & Flails
 + Level 2.6 Dodging
 + Level 3.1 Stealth
 + Level 2.7 Spellcasting
 + Level 2.1 Conjurations
 + Level 3.8 Fire Magic


You had 4 spell levels left.
You knew the following spells:

 Your Spells              Type           Power        Failure   Level
a - Foxfire               Conj/Fire      ##..         4%          1
b - Conjure Flame         Conj/Fire      ##......     14%         3

Your spell library contained the following spells:

 Spells                   Type           Power        Failure   Level
 Inner Flame              Hex/Fire       #.......     22%         3
 Sticky Flame             Conj/Fire      ##......     43%         4
 Fireball                 Conj/Fire      ##........   80%         5


Dungeon Overview and Level Annotations

Branches:
Dungeon (2/15)

Altars:

Annotations:
D:2 Sigmund


Innate Abilities, Weirdness & Mutations

You cannot wear most types of armour.
You are very stealthy in the water. (Stealth+)
You are amphibious.
You can wear up to eight rings at the same time.
You can use your tentacles to constrict eight enemies at once.
Your skin changes colour to match your surroundings (Stealth+).
Your rubbery body absorbs attacks. (AC +1, EV +1)


Message History

Sigmund is heavily wounded.
Sigmund completely misses you.
Casting: Foxfire (safe; 4% risk of failure)
Confirm with . or Enter, or press ? or * to list all spells.
You conjure some foxfire!
The foxfire hits Sigmund.
Sigmund is severely wounded.
The foxfire hits Sigmund.
Sigmund is severely wounded.
Casting: Foxfire (safe; 4% risk of failure)
Confirm with . or Enter, or press ? or * to list all spells.
You conjure some foxfire!
Sigmund hits you from afar with a +0 scythe!
* * * LOW HITPOINT WARNING * * *
The foxfire hits Sigmund.
Sigmund is almost dead.
The foxfire hits Sigmund.
Sigmund is almost dead.
Sigmund hits you from afar with a +0 scythe!
You die...

## ..#.......
#.###.#≈≈.... #.#.#
..$.. #. #.#≈....≈
#...# ...†. # #.#≈....≈
#..##.# #†# #.'.....≈
##...# #.# ### #
#.'.....≈
#####.######.###.####.#
###≈....≈
....#.##..............#
#≈....≈
###.#.##.###..@§....###
#≈≈....
###.#..........#@####
##≈≈...
..#.####...8#8.#.#
##≈≈.. #.#.#
#)..#?#.... #≈≈. #...#
###.8#8.#>## ....#
#.....### ##.## ##)..##
#.# #...# #.# ##.####
#...# #########.#
......# #...# #...
..#.#


You could see Sigmund.

Vanquished Creatures
  4 adders (D:2)
  3 gnolls (D:2)
  4 leopard geckos
  2 ball pythons
  A giant cockroach (D:1)
  4 goblins
  3 hobgoblins
  4 kobolds
  A quokka (D:2)
  3 bats
  13 frilled lizards
  8 rats
50 creatures vanquished.

Vanquished Creatures (others)
  112 foxfires
  3 plants (D:2)
115 creatures vanquished.

Grand Total: 165 creatures vanquished

Notes
Turn   | Place    | Note
-------+----------+-------------------------------------------
     0 | D:1      | somkeydreadnuts the Octopode Fire Elementalist began the
                  | quest for the Orb.
     0 | D:1      | Reached XP level 1. HP: 11/11 MP: 3/3
   224 | D:1      | Reached XP level 2. HP: 17/17 MP: 0/5
  1107 | D:2      | Reached XP level 3. HP: 21/21 MP: 3/6
  1295 | D:2      | Reached XP level 4. HP: 27/27 MP: 4/7
  1843 | D:2      | Noticed Sigmund
  1893 | D:2      | Learned a level 3 spell: Conjure Flame
  1921 | D:2      | Slain by Sigmund

Illustrated notes

Levels and vault maps discovered:
D:1:      matt_arrival_spirals, layout_basic, kennysheep_nondescript
D:2:      layout_loops_cross, kennysheep_big_empty_room, minmay_statues_item,
          minmay_lizard_king, uniq_sigmund

Skill      XL: |  1  2  3  4 |
---------------+-------------+-----
Stealth        | 3 |  3.1
Conjurations   | 2 |  2.1
Maces & Flails | |  0.6
Dodging        | |  2.6
Spellcasting   | |  2.7
Fire Magic     | |  3.8

Action                   |  1- 3 |  4- 6 || total
-------------------------+-------+-------++-------
Melee: Unarmed           |     4 |       ||     4
       Constrict         |     4 |     1 ||     5
       Whip              |     8 |     4 ||    12
       Tentacles         |       |     1 ||     1
 Cast: Foxfire           |    35 |    37 ||    72
       Conjure Flame     |       |     1 ||     1
 Stab: Sleeping          |     1 |       ||     1
Armor: Skin              |       |     3 ||     3
Dodge: Dodged            |    15 |     8 ||    23

Table legend: (Time is in decaauts)
 A = Elapsed time spent in this place.
 B = Non-inter-level travel time spent in this place.
 C = Inter-level travel time spent in this place.
 D = Time resting spent in this place.
 E = Time spent auto-exploring this place.
 F = Levels seen in this place.
 G = Mean time per level.
                   A        B        C        D        E       F      G
               +--------+--------+--------+--------+--------+-----+--------+
         Total |   1920 |   1919 |      1 |      0 |   1445 |   2 |  960.0 |
       Dungeon |   1920 |   1919 |      1 |      0 |   1445 |   2 |  960.0 |
               +--------+--------+--------+--------+--------+-----+--------+

Top non-repeatable levels by time:
     D:1: 1028 daAuts
     D:2: 892 daAuts
